 Dungeon Crawl Stone Soup version 0.21.1-1-g345015f (webtiles) character file.

101 diana the Insei (level 4, 0/32 HPs)
             Began as a Merfolk Transmuter on May 31, 2018.
             Succumbed to an adder's poison
             ... on level 3 of the Dungeon.
             The game lasted 00:03:57 (1713 turns).

diana the Insei (Merfolk Transmuter)                Turns: 1713, Time: 00:03:57

Health: 0/32       AC:  3    Str: 11    XL:     4   Next: 75%
Magic:  6/7        EV: 13    Int: 12    God:
Gold:   0          SH:  0    Dex: 14    Spells: 6/7 levels left

rFire    . . .     SeeInvis .     - Unarmed
rCold    . . .     Gourm    .   (no shield)
rNeg     . . .     Faith    .   i - +0 leather armour
rPois    .         Spirit   .   (no helmet)
rElec    .         Reflect  .   (no cloak)
rCorr    .         Harm     .   (no gloves)
MR       .....                  (no boots)
Stlth    +.........             (no amulet)
HPRegen  0.10/turn              (no ring)
MPRegen  0.10/turn              (no ring)

@: lethally poisoned (0 -> -1), appendage
A: change form in water, swift swim, stealthy swim, horns 2
a: End Transformation


You were on level 3 of the Dungeon.
You were not hungry.
You had grown temporary horns.
You visited 1 branch of the dungeon, and saw 3 of its levels.

Inventory:

Missiles
 a - 26 arrows
Armour
 b - a +0 robe
 i - a +0 leather armour (worn)
Jewellery
 h - a +4 ring of strength {unknown}
Scrolls
 e - 2 scrolls of amnesia {unknown}
 f - 3 scrolls of identify {unknown}
 g - a scroll of teleportation {unknown}
Books
 c - a book of Changes

   Spells                             Type                      Level
   a - Beastly Appendage              Transmutation                1
   b - Sticks to Snakes               Transmutation                2
   c - Spider Form                    Transmutation/Poison         3
   d - Ice Form                       Ice/Transmutation            4
   e - Blade Hands                    Transmutation                5
Comestibles
 d - a ration


   Skills:
 - Level 1.1 Fighting
 + Level 3.9 Dodging
 * Level 4.7 Unarmed Combat
 - Level 2.0 Spellcasting
 + Level 3.9 Transmutations


You had 6 spell levels left.
You knew the following spells:

 Your Spells              Type           Power        Failure   Level  Hunger
a - Beastly Appendage     Tmut           ##....       7%          1    ##.....


Dungeon Overview and Level Annotations

Branches:
Dungeon (3/15)

Altars:


Innate Abilities, Weirdness & Mutations

You revert to your normal form in water.
You are very nimble and swift while swimming.
You are very stealthy in the water. (Stealth+)
You have a pair of horns on your head.


Message History

You hit the ball python but do no damage.
You feel sick.
The ball python bites you but does no damage.
The ball python closely misses you.
Casting: Beastly Appendage
Confirm with . or Enter, or press ? or * to list all spells.
You grow a pair of large bovine horns.
The ball python closely misses you. x2
The ball python bites you but does no damage.
The ball python misses you.
You closely miss the ball python. Your headbutt misses the ball python.
The ball python bites you.
* * * LOW HITPOINT WARNING * * *
The ball python grabs you. The ball python constricts you.
Your leather armour prevents you from hitting the ball python.
The ball python bites you but does no damage.
* * * LOW HITPOINT WARNING * * *
The ball python constricts you.
You punch the ball python!
You kill the ball python!
You die...

≈##. ..................#
...##.#######'#######..#
#.##..# #.# #.#...#
#.##### ########.....#
+.'...# .............#
#.###.# ####.####....#
#.# #.#
##...###+###.###'###
######.K†@............+
.........###'###.###'###
.........# #.# #.# #.#
########.# #.###.###.# #
#.# #...'.'...# #. #.#
#####.##### #..# #.# #.#
#... #.# #+# #..# #..
......


You could see a kobold.

Vanquished Creatures
  Jessica (D:2)
  4 adders
  A leopard gecko (D:1)
  3 bats (D:1)
  4 giant cockroaches
  7 goblins
  2 hobgoblins
  2 quokkas (D:3)
  2 ball pythons
  3 frilled lizards
  6 kobolds
  4 rats
39 creatures vanquished.

Notes
Turn   | Place    | Note
-------+----------+-------------------------------------------
     0 | D:1      | diana the Merfolk Transmuter began the quest for the Orb.
     0 | D:1      | Reached XP level 1. HP: 15/15 MP: 3/3
   206 | D:1      | Reached XP level 2. HP: 14/21 MP: 3/5
   821 | D:2      | Reached skill level 4 in Unarmed Combat
   821 | D:2      | Reached XP level 3. HP: 10/26 MP: 4/6
  1177 | D:2      | Noticed an ice beast
  1210 | D:2      | Noticed Jessica
  1231 | D:2      | HP: 1/26 [something/nerve-wracking pain (9)]
  1272 | D:2      | Killed Jessica
  1272 | D:2      | Reached XP level 4. HP: 22/32 MP: 5/7
  1712 | D:3      | HP: 1/32 [ball python (1)]
  1713 | D:3      | Succumbed to an adder's poison

Skill      XL: |  1  2 |
---------------+-------+-----
Dodging        | 3 |  3.9
Transmutations | 3 |  3.9
Unarmed Combat | 4 |  4.7
Fighting       | |  1.1
Spellcasting   | |  2.0

Action                   |  1- 3 |  4- 6 || total
-------------------------+-------+-------++-------
Melee: Unarmed           |   104 |    43 ||   147
       Headbutt          |    13 |     2 ||    15
       Punch             |     3 |     1 ||     4
 Cast: Beastly Appendage |    20 |     6 ||    26
  Use: Potion            |     2 |     1 ||     3
 Stab: Sleeping          |     1 |       ||     1
  Eat: Chunk             |       |     3 ||     3
Armor: Robe              |    19 |       ||    19
       Leather armour    |       |     9 ||     9
Dodge: Dodged            |    78 |    37 ||   115
